 Dungeon Crawl Stone Soup version 0.30-a0-54-g2e61a25929 (webtiles) character file.

Game seed: 14858869750758774831

2755 LnG the Cleaver (level 9, 0/78 HPs)
             Began as a Hill Orc Fighter on Sept 7, 2022.
             Was a Follower of Uskayaw.
             Slain by a killer bee (2 damage)
             ... on level 7 of the Dungeon.
             The game lasted 00:32:11 (10207 turns).

LnG the Cleaver (Hill Orc Fighter)                 Turns: 10207, Time: 00:32:12

Health: 0/78       AC:  8    Str: 21 (23) XL:     9   Next: 69%
Magic:  9/9        EV:  8    Int:  6 (8)  God:    Uskayaw [*.....]
Gold:   180        SH: 10    Dex:  7 (10) Spells: 8/8 levels left

rFire   + . .      SeeInvis .    a - +0 war axe
rCold   . . .      Faith    .    s - +2 kite shield
rNeg    . . .      Spirit   .    b - +0 scale mail
rPois   .          Reflect  .    (no helmet)
rElec   .          Harm     .    (no cloak)
rCorr   .          Rampage  .    (no gloves)
Will    .....                    (no boots)
Stlth   ..........               (no amulet)
HPRegen 0.23/turn                n - ring of protection from fire
MPRegen 0.11/turn                (no ring)

@: lethally poisoned (0 -> -4), attractive, invisible
A: no striking features
a: Renounce Religion, Stomp


You were on level 7 of the Dungeon.
You worshipped Uskayaw.
Uskayaw was noncommittal.
You visited 2 branches of the dungeon, and saw 8 of its levels.

You collected 328 gold pieces.
You spent 148 gold pieces at shops.

Inventory:

Hand Weapons
 a - a +0 war axe (weapon)
Armour
 b - a +0 scale mail (worn)
 s - a +2 kite shield (worn)
Jewellery
 n - a ring of protection from fire (left hand)
Wands
 p - a wand of polymorph (14)
Scrolls
 c - a scroll of poison
 f - 2 scrolls of vulnerability
 h - 3 scrolls of magic mapping
 l - 3 scrolls of immolation
 o - a scroll of noise
 u - 2 scrolls of fear
 v - a scroll of torment {unknown}
 w - a scroll of butterflies {unknown}
Potions
 d - a potion of invisibility
 g - a potion of haste
 k - 2 potions of magic
 m - a potion of might
 t - a potion of resistance {unknown}


   Skills:
 + Level 6.8 Fighting
 + Level 10.7 Axes
 + Level 7.9 Armour
 + Level 2.2 Dodging
 + Level 1.1 Stealth
 + Level 6.4 Shields


You had 8 spell levels left.
You didn't know any spells.
Your spell library contained the following spells:

 Spells                   Type           Power      Damage    Failure   Level
 Beastly Appendage        Tmut           0%         N/A       97%         1
 Sublimation of Blood     Necr           0%         N/A       99%         2
 Wereblood                Tmut           0%         N/A       99%         2
 Inner Flame              Hex/Fire       0%         N/A       100%        3
 Spider Form              Tmut/Pois      0%         N/A       100%        3
 Airstrike                Air            0%         2d(0-16)  100%        4
 Cause Fear               Hex            0%         N/A       100%        4
 Summon Lightning Spire   Summ/Air       0%         N/A       100%        4
 Lightning Bolt           Conj/Air       0%         1d11      100%        5
 Summon Hydra             Summ           0%         N/A       100%        7
 Discord                  Hex            0%         N/A       100%        8


Dungeon Overview and Level Annotations

Branches:
Dungeon (7/15)             Temple (1/1) D:7

Altars:
Ashenzari
Cheibriados
Dithmenos
Elyvilon
Gozag
Hepliaklqana
Kikubaaqudgha
Makhleb
Nemelex Xobeh
Okawaru
Qazlal
Ru
Sif Muna
Trog
Uskayaw
Vehumet
Wu Jian
Yredelemnul
Zin
The Shining One

Shops:
D:2 (   D:6 ?


Message History

As you read the scroll of blinking, it crumbles to dust.
Blink to where?
Press: ? - help, Dir - move target
Found a hand axe.
As you read the scroll of blinking, it crumbles to dust.
You fade into invisibility!
The killer bee buzzes angrily.
You block the gnoll's attack.
The killer bee buzzes angrily.
An orc comes into view. It is wielding a +0 mace.
The killer bee buzzes angrily.
The orc shouts!
The killer bee buzzes angrily. x3; The orc shouts!
The killer bee buzzes angrily. x3; The orc shouts!
An ogre comes into view. It is wielding a +0 giant club.
The ogre shouts!
The killer bee buzzes angrily. x3; The orc shouts!
You block the killer bee's attack.
The killer bee buzzes angrily.
The ogre shouts!
The killer bee buzzes angrily. x3; The orc shouts!
The killer bee barely misses you.
The killer bee stings you but does no damage.
The ogre shouts!
The killer bee buzzes angrily. x2
You block the orc's attack. You block the killer bee's attack.
Found an escape hatch in the ceiling.
The ogre shouts!
The killer bee buzzes angrily. x2
The killer bee stings you!
* * * LOW HITPOINT WARNING * * *
You are lethally poisoned!
The killer bee poisons you! You block the killer bee's attack. x2
It was a potion of degeneration.
There was something very wrong with that liquid.
You feel weakened.
You feel dopey.
You feel clumsy.
* * * LOW HITPOINT WARNING * * *
You feel sick. You block the killer bee's attack. x2
The killer bee closely misses you. x2; You block the gnoll's attack.
It was a potion of attraction.
You feel attractive to monsters.
* * * LOW HITPOINT WARNING * * *
You feel sick. You block the killer bee's attack. x3
The killer bee stings you.
You die...

#.....................
#.......................
........................
#...)..................
#......................
#.............gS.......
#........zY.gO.g.......
#...........gyyy.......
#...........z.o@.......
##.....................<
#.......................
#..z####################
#..Y.Yz.# ##......#
#...z..# #......#
#......#


You could see a water moccasin (unable to see you), a sky beast (unable to see
you), an ogre (wandering, unable to see you), a gnoll bouda (unable to see you),
3 killer bees, 2 wights, 3 gnolls and an orc (unable to see you).

Vanquished Creatures
  6 yaks
  A vampire mosquito (D:6)
  A steam dragon (D:6)
  3 ogres
  A phantom (D:6)
  A bullfrog (D:6)
  7 scorpions
  A gnoll sergeant (D:5)
  2 necrophages
  2 killer bees (D:7)
  2 hounds (D:5)
  A jelly (D:6)
  3 orc priests
  Terence (D:2)
  2 orc wizards
  2 iguanas
  7 gnolls
  9 adders
  A white imp (D:6)
  3 ufetubi
  A worm (D:2)
  2 dart slugs
  18 orcs
  A bat (D:1)
  10 endoplasms
  3 giant cockroaches
  9 goblins
  5 hobgoblins
  A jackal (D:4)
  3 quokkas
  4 ball pythons
  6 frilled lizards
  7 kobolds
  7 rats
133 creatures vanquished.

Notes
Turn   | Place    | Note
-------+----------+-------------------------------------------
     0 | D:1      | LnG the Hill Orc Fighter began the quest for the Orb.
     0 | D:1      | Reached XP level 1. HP: 19/19 MP: 1/1
   145 | D:1      | Reached XP level 2. HP: 27/27 MP: 2/2
   260 | D:1      | Reached skill level 3 in Axes
   555 | D:1      | Reached XP level 3. HP: 33/33 MP: 3/3
  1033 | D:2      | Found Fienk's Weapon Emporium.
  1052 | D:2      | Found a radiant altar of Vehumet.
  1072 | D:2      | Noticed Terence
  1072 | D:2      | You fall into a shaft and drop 2 floors!
  1146 | D:2      | Killed Terence
  1147 | D:2      | Reached skill level 4 in Axes
  1147 | D:2      | Reached XP level 4. HP: 7/40 MP: 4/4
  2314 | D:2      | Reached skill level 5 in Axes
  2314 | D:2      | Reached XP level 5. HP: 34/47 MP: 5/5
  3274 | D:2      | Reached XP level 6. HP: 24/53 MP: 6/6
  4072 | D:3      | Reached skill level 6 in Axes
  4586 | D:4      | Reached XP level 7. HP: 35/60 MP: 7/7
  4825 | D:4      | Reached skill level 5 in Fighting
  4888 | D:4      | Reached skill level 7 in Axes
  4888 | D:4      | Reached skill level 5 in Armour
  4888 | D:4      | Reached skill level 1 in Dodging
  5171 | D:5      | Entered Level 5 of the Dungeon
  5825 | D:5      | Reached skill level 8 in Axes
  5825 | D:5      | Reached XP level 8. HP: 41/70 MP: 8/8
  6574 | D:5      | Reached skill level 5 in Shields
  7104 | D:6      | Found Panoll's Magic Scroll Shoppe.
  7107 | D:6      | Bought a scroll of blinking for 82 gold pieces
  7107 | D:6      | Bought a scroll of fear for 44 gold pieces
  7107 | D:6      | Bought a scroll of identify for 22 gold pieces
  7210 | D:6      | Reached skill level 9 in Axes
  7742 | D:6      | Noticed a yak
  7742 | D:6      | Noticed a yak
  7742 | D:6      | Noticed a yak
  7742 | D:6      | Noticed a yak
  7742 | D:6      | Noticed a yak
  7743 | D:6      | Noticed a yak
  7999 | D:5      | Killed a yak
  8000 | D:5      | Reached XP level 9. HP: 24/75 MP: 9/9
  8569 | D:5      | Reached skill level 10 in Axes
  8689 | D:6      | Reached skill level 1 in Stealth
  9040 | D:6      | Noticed a komodo dragon
  9597 | D:7      | Found a staircase to the Ecumenical Temple.
  9745 | Temple   | Entered the Ecumenical Temple
  9793 | Temple   | Became a worshipper of Uskayaw the Reveller
 10163 | D:7      | Reached * piety under Uskayaw
 10168 | D:7      | Reached ** piety under Uskayaw
 10175 | D:7      | Reached *** piety under Uskayaw
 10192 | D:7      | HP: 1/78 [orc warrior/+0 trident (8)]
 10206 | D:7      | HP: 3/78 [poisoned by a killer bee]
 10207 | D:7      | Slain by a killer bee

Illustrated notes

Levels and vault maps discovered:
D:1:      scummos_arrival_simple_fountains, layout_loops_ring,
          minmay_misc_feat_hallway
D:2:      layout_rooms, basic_altar, serial_shops,
          nicolae_shop_bloodbath_and_beyond, uniq_terence
D:3:      layout_rooms
D:4:      layout_rooms, minmay_checkerbox
D:5:      layout_rooms
D:6:      kennysheep_big_flooded_room, layout_basic, serial_shops,
          nicolae_shop_behind_doors, bh_walls_and_bars
D:7:      layout_basic, minmay_temple_entry_grid, serial_shops,
          nicolae_diamond_shop
Temple:   mainiacjoe_temple_cubbyholes

Skill      XL: |  1  2  3  4  5  6  7  8  9 |
---------------+----------------------------+-----
Axes           | 3 4 5 6 8 9 10 | 10.7
Fighting       | 4 5 6 |  6.8
Shields        | 4 5 6 |  6.4
Armour         | 4 5 7 |  7.9
Dodging        | 1 2 |  2.2
Stealth        | 1 |  1.1

Action                   |  1- 3 |  4- 6 |  7- 9 || total
-------------------------+-------+-------+-------++-------
Melee: War axe           |    96 |   125 |   301 ||   522
  Use: Potion            |     1 |       |     7 ||     8
       Scroll            |       |    10 |    10 ||    20
 Stab: Paralysed         |       |       |     1 ||     1
Armor: Scale mail        |    29 |    53 |   113 ||   195
Dodge: Dodged            |    37 |    56 |   128 ||   221
Block: Buckler           |    23 |    35 |    30 ||    88
       Kite shield       |       |       |   150 ||   150

Table legend: (Time is in decaauts)
 A = Elapsed time spent in this place.
 B = Non-inter-level travel time spent in this place.
 C = Inter-level travel time spent in this place.
 D = Time resting spent in this place.
 E = Time spent auto-exploring this place.
 F = Levels seen in this place.
 G = Mean time per level.
                   A        B        C        D        E       F      G
               +--------+--------+--------+--------+--------+-----+--------+
         Total |  10350 |  10161 |    189 |   5040 |   1800 |   8 | 1293.8 |
       Dungeon |   9986 |   9850 |    136 |   5040 |   1500 |   7 | 1426.6 |
        Temple |    364 |    311 |     53 |      0 |    300 |   1 |  364.0 |
               +--------+--------+--------+--------+--------+-----+--------+

Top non-repeatable levels by time:
     D:6: 2402 daAuts
     D:2: 2373 daAuts
     D:5: 1636 daAuts
     D:4: 1190 daAuts
     D:3: 1078 daAuts
     D:1: 1054 daAuts
  Temple: 364 daAuts
     D:7: 250 daAuts
